 Dungeon Crawl Stone Soup version 0.29-a0-598-gd8304a5bf4 (webtiles) character file.

Game seed: 5038595870750200554

612 happo123 the Ruffian (level 7, -1/65 HPs)
             Began as a Troll Transmuter on June 15, 2022.
             Slain by a gnoll
             ... wielding a +0 spear
              (3 damage)
             ... on level 4 of the Dungeon.
             The game lasted 00:15:01 (3065 turns).

happo123 the Ruffian (Troll Transmuter)             Turns: 3065, Time: 00:15:05

Health: -1/65      AC:  4    Str: 19    XL:     7   Next: 20%
Magic:  6/9        EV: 10    Int: 11    God:
Gold:   213        SH:  0    Dex: 10    Spells: 7/10 levels left

rFire   + . .      SeeInvis .     - Unarmed
rCold   . . .      Faith    .   (no shield)
rNeg    . . .      Spirit   .   a - +0 robe
rPois   .          Reflect  .   (helmet currently unavailable)
rElec   .          Harm     .   (no cloak)
rCorr   .          Rampage  .   (gloves unavailable)
Will    .....                   (boots unavailable)
Stlth   +.........              (no amulet)
HPRegen 1.00/turn               h - ring of protection from fire
MPRegen 0.11/turn               (no ring)

@: lethally poisoned (-1 -> -14), appendages (expiring), wereblooded
A: horns 2, talons 2, large, unfitting armour, claws 3, regeneration 1, shaggy
fur 1, tough skin 1
a: End Transformation


You were on level 4 of the Dungeon.
You had temporarily grown beastly horns and talons.
You visited 1 branch of the dungeon, and saw 4 of its levels.

You collected 254 gold pieces.
You spent 41 gold pieces at shops.

Inventory:

Armour
 a - a +0 robe (worn)
 x - a +2 hat (melded)
Jewellery
 h - a ring of protection from fire (left claw)
Wands
 v - a wand of charming (12)
Scrolls
 d - 2 scrolls of fog
 e - a scroll of torment {unknown}
 f - 2 scrolls of teleportation
 g - a scroll of brand weapon {unknown}
 i - 2 scrolls of identify
 j - 3 scrolls of enchant weapon
 k - a scroll of magic mapping {unknown}
 n - 2 scrolls of noise
 o - 3 scrolls of vulnerability
 p - a scroll of poison {unknown}
 q - a scroll of blinking
 s - a scroll of immolation {unknown}
 t - 2 scrolls of acquirement
Potions
 b - a potion of lignification
 c - a potion of mutation {unknown}
 l - a potion of berserk rage {unknown}
 m - a potion of degeneration {unknown}
 r - a potion of haste {unknown}
 u - 3 potions of ambrosia
 w - a potion of curing {unknown}
 z - a potion of invisibility {unknown}


   Skills:
 + Level 2.2 Fighting
 + Level 2.7 Dodging
 * Level 4.9 Unarmed Combat
 + Level 2.0 Spellcasting
 * Level 3.2 Transmutations
 + Level 1.7 Ice Magic


You had 7 spell levels left.
You knew the following spells:

 Your Spells              Type           Power      Damage    Failure   Level
a - Beastly Appendage     Tmut           16%        N/A       8%          1
b - Wereblood             Tmut           8%         N/A       12%         2

Your spell library contained the following spells:

 Spells                   Type           Power      Damage    Failure   Level
 Magic Dart               Conj           4%         1d3       28%         1
 Slow                     Hex            4%         N/A       28%         1
 Call Imp                 Summ           1%         N/A       41%         2
 Spider Form              Tmut/Pois      4%         N/A       41%         3
 Confusing Touch          Hex            1%         N/A       65%         3
 Mephitic Cloud           Conj/Pois/Air  1%         N/A       65%         3
 Vampiric Draining        Necr           1%         2d6       65%         3
 Ice Form                 Ice/Tmut       6%         N/A       71%         4


Dungeon Overview and Level Annotations

Branches:
Dungeon (4/15)
 Temple: D:4-7

Altars:

Shops:
D:2 [*(


Innate Abilities, Weirdness & Mutations

You have temporarily grown beastly horns and talons.
You are too large for most types of armour.
You have claws for hands.
Your natural rate of healing is unusually fast.
You are covered in fur. (AC +1)
You have tough skin. (AC +1)


Message History

* * * LOW HITPOINT WARNING * * *
You feel sick.
Your horns disappear.
Your talons disappear.
Your +2 hat unmelds from your body.
You feel sick. The hound bites you.
* * * LOW HITPOINT WARNING * * *
Blink to where?
Press: ? - help, Dir - move target
As you read the scroll of blinking, it crumbles to dust.
You feel sick.
You feel sick.
Your primal bloodlust is almost over.
You feel sick.
You feel sick.
You feel sick.
You feel sick.
You are no longer poisoned.
Your primal bloodlust has ended.
You claw the hound!
You kill the hound!
There are monsters nearby!
Casting: Beastly Appendage (safe; 8% risk of failure)
Press: ? - help, Q - select action, (/) - cycle Dir - look around, f - activate You grow a pair of large bovine horns.
Your feet morph into talons.
Your +2 hat melds into your body.
Casting: Beastly Appendage (safe; 8% risk of failure)
Confirm with . or Enter, or press ? or * to list all spells.
Your blood is infused with primal strength.
The orc hits you with a +0 club.
You scratch the orc. You headbutt the orc.
You feel a bit better.
You kill the orc!
The gnoll sergeant hits you from afar with a +6 spear of venom!
* * * LOW HITPOINT WARNING * * *
You are poisoned.
Your transformation is almost over.
You feel very sick.
The gnoll sergeant hits you with a +6 spear of venom!
* * * LOW HITPOINT WARNING * * *
You are more poisoned.
The gnoll hits you from afar with a +0 spear.
You die...

....# #.........#####+#.##.#....#
....###.........#####.#.##.#.#...
........................##.#+#.##
###................)...........#
..)...........g.#######........#
..............o..# #........##
####...........og# #..........
#.....#######g# #.......###
#.(...# #@# #.......'.. #.....#
#.# #.......### #####.#
#.######.......### #.#
#......#.##.#..... #.#
######.#.##.#..### ########.#
#.#.#........ .........#
#.#...#..#### ##########
#.#..##.##..# #....#..#....


You could see a gnoll sergeant, 2 gnolls and 2 orcs.

Vanquished Creatures
  A centaur (D:4)
  A phantom (D:4)
  2 howler monkeys (D:4)
  3 hounds (D:4)
  3 iguanas (D:4)
  An orc wizard (D:4)
  5 adders
  5 gnolls (D:4)
  A worm (D:2)
  5 dart slugs
  4 orcs (D:4)
  4 endoplasms
  A giant cockroach (D:1)
  8 goblins
  7 hobgoblins
  15 jackals (D:4)
  3 kobolds
  2 quokkas (D:1)
  7 ball pythons
  3 bats
  5 frilled lizards
  5 rats
91 creatures vanquished.

Notes
Turn   | Place    | Note
-------+----------+-------------------------------------------
     0 | D:1      | happo123 the Troll Transmuter began the quest for the Orb.
     0 | D:1      | Reached XP level 1. HP: 18/18 MP: 1/1
     2 | D:1      | Noticed a ghoul
     2 | D:1      | Noticed a human
     4 | D:1      | Noticed a demonspawn
     4 | D:1      | Noticed a felid
     6 | D:1      | Noticed a draconian
     8 | D:1      | Noticed a naga
    12 | D:1      | Noticed a gargoyle
    12 | D:1      | Noticed an elf
    14 | D:1      | Noticed a formicid
    14 | D:1      | Noticed a vine stalker
    16 | D:1      | Noticed a dwarf
    16 | D:1      | Noticed a merfolk
    18 | D:1      | Noticed a tengu
    18 | D:1      | Noticed a minotaur
    20 | D:1      | Noticed a vampire
    20 | D:1      | Noticed a spriggan
    22 | D:1      | Noticed a troll
    22 | D:1      | Noticed an octopode
    24 | D:1      | Noticed an ogre
    26 | D:1      | Noticed a demigod
    70 | D:1      | Found a faded altar of an unknown god.
   234 | D:1      | Reached XP level 2. HP: 26/26 MP: 2/2
   239 | D:1      | Reached skill level 1 in Fighting
   835 | D:2      | Reached XP level 3. HP: 29/33 MP: 2/4
   838 | D:2      | Learned a level 2 spell: Wereblood
   947 | D:2      | Found Sottuv's Antique Weapon Boutique.
  1103 | D:2      | Found Osheqo's Antique Armour Emporium.
  1188 | D:2      | Found Erruttogg's Assorted Antiques.
  1198 | D:2      | Bought a red potion for 19 gold pieces
  1198 | D:2      | Bought a scroll labelled FAAP CAUQUEPP for 22 gold pieces
  1550 | D:3      | Reached XP level 4. HP: 40/41 MP: 5/5
  2041 | D:4      | Identified 2 scrolls of acquirement
  2123 | D:4      | Noticed a centaur
  2131 | D:4      | Reached XP level 5. HP: 48/48 MP: 2/6
  2147 | D:4      | Killed a centaur
  2148 | D:4      | Reached skill level 4 in Unarmed Combat
  2148 | D:4      | Reached skill level 1 in Ice Magic
  2188 | D:4      | Identified the +1 ring mail "Hugiolos" {rElec Will+ Str+4}
  2358 | D:4      | Noticed a phantom
  2367 | D:4      | Killed a phantom
  2368 | D:4      | Reached XP level 6. HP: 49/57 MP: 5/7
  2655 | D:4      | Reached XP level 7. HP: 61/65 MP: 6/9
  3029 | D:4      | HP: 3/65 [poisoned by a gnoll sergeant]
  3034 | D:4      | HP: 3/65 [poisoned by a gnoll sergeant]
  3065 | D:4      | HP: 2/65 [gnoll sergeant/+6 spear of venom (13)]
  3065 | D:4      | Slain by a gnoll

Illustrated notes

Levels and vault maps discovered:
D:1:      kb_arrival_jail, layout_basic, chequers_ecumenical_altar_island
D:2:      layout_basic, serial_shops, shop, shop, shop,
          dreamdust_mushroom_princess
D:3:      wander_river, layout_loops_ring
D:4:      lemuel_castle_with_subvaults [lemuel_castle_interior_carwin_2],
          layout_basic, minmay_close_crescents

Skill      XL: |  1  2  3  4  5  6 |
---------------+-------------------+-----
Fighting       | 1 2 |  2.2
Transmutations | 2 3 |  3.2
Dodging        | 2 |  2.7
Unarmed Combat | 4 |  4.9
Ice Magic      | 1 |  1.7
Spellcasting   | 2 |  2.0

Action                   |  1- 3 |  4- 6 |  7- 9 || total
-------------------------+-------+-------+-------++-------
Melee: Unarmed           |   107 |   106 |    20 ||   233
       Headbutt          |     5 |     4 |     4 ||    13
       Kick              |     6 |    10 |     5 ||    21
       Punch             |     1 |     1 |       ||     2
 Cast: Beastly Appendage |     8 |     8 |     4 ||    20
       Wereblood         |       |     2 |     3 ||     5
  Use: Scroll            |       |     7 |     1 ||     8
       Potion            |       |     1 |       ||     1
 Stab: Sleeping          |     1 |       |       ||     1
Armor: Robe              |    31 |    36 |     5 ||    72
       Skin              |       |    16 |       ||    16
Dodge: Dodged            |    40 |    79 |    11 ||   130

Table legend: (Time is in decaauts)
 A = Elapsed time spent in this place.
 B = Non-inter-level travel time spent in this place.
 C = Inter-level travel time spent in this place.
 D = Time resting spent in this place.
 E = Time spent auto-exploring this place.
 F = Levels seen in this place.
 G = Mean time per level.
                   A        B        C        D        E       F      G
               +--------+--------+--------+--------+--------+-----+--------+
         Total |   3088 |   2440 |    648 |     25 |   1677 |   4 |  772.0 |
       Dungeon |   3088 |   2440 |    648 |     25 |   1677 |   4 |  772.0 |
               +--------+--------+--------+--------+--------+-----+--------+

Top non-repeatable levels by time:
     D:4: 1119 daAuts
     D:1: 825 daAuts
     D:3: 628 daAuts
     D:2: 515 daAuts
